 Dungeon Crawl Stone Soup version 0.17.0-23-g0de4337 (webtiles) character file.

4073 xeno23 the Zephyrmancer (level 10, -4/54 HPs)
             Began as a Tengu Air Elementalist on Nov 14, 2015.
             Was a Believer of Vehumet.
             Slain by a hippogriff (8 damage)
             ... on level 9 of the Dungeon.
             The game lasted 00:49:02 (8431 turns).

xeno23 the Zephyrmancer (Tengu Air Elementalist)    Turns: 8431, Time: 00:49:02

Health: -4/54      AC:  7    Str: 10    XL:     10   Next: 25%
Magic:  15/22      EV: 17    Int: 18    God:    Vehumet [**....]
Gold:   525        SH:  0    Dex: 14    Spells: 6 memorised, 7 levels left

rFire  + . .     SeeInvis .     x - +1 dagger (venom)
rCold  + . .     Clarity  +     B - +2 robe {rC+ rF+}
rNeg   . . .     SustAt   .     (no shield)
rPois  .         Gourm    .     (helmet restricted)
rElec  .         Spirit   .     i - +0 cloak {+Inv}
rCorr  .         Warding  .     j - +1 pair of gloves
rMut   .         Stasis   .     (boots unavailable)
MR     .....                    C - amulet of clarity
Stlth  ++........               (no ring)
                                (no ring)

@: flying quickly and evasively, repel missiles, quick, not resistant to hostile
enchantments, unstealthy
A: beak, talons 3, able to fly 1
a: Renounce Religion, Evoke Invisibility


You were on level 9 of the Dungeon.
You worshipped Vehumet.
Vehumet was pleased with you.
You were very hungry.

You visited 2 branches of the dungeon, and saw 10 of its levels.
You also visited: Sewer and Ossuary.

You collected 686 gold pieces.
You spent 161 gold pieces at shops.

Inventory:

Hand Weapons
 s - a +1 whip of holy wrath
 w - a +0 blowgun
 x - a +1 dagger of venom (weapon)
Missiles
 y - 65 poisoned needles
Armour
 a - a +1 cloak
 i - a +0 cloak of invisibility (worn)
 j - a +1 pair of gloves (worn)
 p - a +0 buckler
 B - a +2 robe of resistance (worn)
Jewellery
 C - an amulet of clarity (around neck)
Wands
 v - a wand of slowing (48)
 L - a wand of fire (0)
Scrolls
 e - 2 scrolls of recharging
 f - a scroll of immolation {unknown}
 h - a scroll of fog
 o - 2 scrolls of amnesia
 z - a scroll of remove curse
 D - a scroll of teleportation
 E - 3 scrolls of fear
 H - a scroll of identify
 M - a scroll of blinking {unknown}
Potions
 k - a potion of invisibility
 m - 4 potions of agility
 n - a potion of brilliance
 t - 14 potions of curing
 A - 4 potions of might
 F - 2 potions of heal wounds
 G - a potion of resistance {unknown}
 I - a potion of poison {unknown}
 J - a potion of lignification {unknown}
 K - 2 potions of degeneration {unknown}
 N - a potion of mutation {unknown}
Books
 b - a book of Air

   Spells                             Type                      Level
   a - Shock                          Conjuration/Air              1
   b - Swiftness                      Charms/Air                   2
   c - Repel Missiles                 Charms/Air                   2
   d - Static Discharge               Conjuration/Air              3
   e - Lightning Bolt                 Conjuration/Air              5
 q - a book of Unlife

   Spells                             Type                      Level
   a - Recall                         Summoning/Translocation      3
   b - Animate Dead                   Necromancy                   4
   c - Control Undead                 Necromancy                   4
   d - Cigotuvi's Embrace             Necromancy                   5
   e - Death Channel                  Necromancy                   6
   f - Simulacrum                     Ice/Necromancy               6
 r - a book of Necromancy

   Spells                             Type                      Level
   a - Pain                           Necromancy                   1
   b - Animate Skeleton               Necromancy                   1
   c - Vampiric Draining              Necromancy                   3
   d - Regeneration                   Charms/Necromancy            3
   e - Animate Dead                   Necromancy                   4
   f - Control Undead                 Necromancy                   4
Comestibles
 c - 8 bread rations
 d - 3 fruits
 g - 9 beef jerkies
 l - 2 meat rations
 u - a slice of pizza


   Skills:
 * Level 2.7 Fighting
 * Level 4.3 Dodging
 - Level 2.0 Stealth
 - Level 1.0 Unarmed Combat
 + Level 7.4 Spellcasting
 + Level 10.1 Conjurations
 * Level 2.6 Necromancy
 + Level 10.7 Air Magic


You had 7 spell levels left.
You knew the following spells:

 Your Spells              Type           Power        Failure   Level  Hunger
a - Shock                 Conj/Air       ####         1%          1    None
b - Swiftness             Chrm/Air       ####....     1%          2    None
e - Regeneration          Chrm/Necr      ##........   21%         3    #......
q - Static Discharge      Conj/Air       #####...     1%          3    #......
r - Repel Missiles        Chrm/Air       ####..       1%          2    None
w - Lightning Bolt        Conj/Air       #####.....   4%          5    #####..


Dungeon Overview and Level Annotations

Branches:
Dungeon (9/15)             Temple (1/1) D:4
   Lair: D:8-11         Orc: D:9-12

Altars:
Ashenzari
Cheibriados
Dithmenos
Elyvilon
Fedhas
Gozag
Kikubaaqudgha
Nemelex Xobeh
Okawaru
Qazlal
Ru
Sif Muna
Trog
Vehumet
Xom
Yredelemnul
Zin
The Shining One

Shops:
D:4 ?   D:7 :


Innate Abilities, Weirdness & Mutations

You have a beak for a mouth.
You have claws for feet.
You can fly.


Message History

* * * LOW HITPOINT WARNING * * *
The hippogriff claws you but does no damage.
Found 10 silver bolts.
You take 5 damage.
Found a dagger.
A giant gecko comes into view.
You see here a potion of heal wounds.
Read which item? (? for menu, Esc to quit)
Okay, then.
Drink which item? (? for menu, Esc to quit)
You feel much better.
The crimson imp blinks!
The hippogriff bites you. The hippogriff pecks you.
The hippogriff barely misses you. The hippogriff bites you.
The hippogriff pecks you but does no damage.
The hippogriff claws you. The red ugly thing punches you!
* * * LOW HITPOINT WARNING * * *
You are engulfed in flames.
You resist.
* * * LOW HITPOINT WARNING * * *
You take 4 damage.
The crimson imp blinks!
The hippogriff bites you!
You die...

#### ########
.......
###......##.......
.......<....5.....
.......ยง@##.......
##....HH##..(...
.......u........)
####.....!..##..
####.....# #......#
#.(............
#...............
#..#####........


You could see a red ugly thing, 2 hippogriffs and a crimson imp.

Vanquished Creatures
  A hill giant (D:8)
  Sigmund (D:4)
  2 water moccasins (D:8)
  2 orc warriors (D:7)
  3 centaurs
  3 sky beasts
  2 ice beasts (D:5)
  A phantom (D:4)
  4 ogres
  A big kobold (Sewer)
  2 giant frogs
  A jelly (D:8)
  A scorpion (D:4)
  12 killer bees
  4 crimson imps
  The ghost of Britaniac the Firebug, a weakling DEFE (D:4)
  A giant frog skeleton (D:5)
  3 hounds
  An orc priest (D:6)
  An iguana (D:4)
  3 orc wizards
  3 worker ants
  A hound zombie (D:5)
  3 hound skeletons
  8 mummies (Ossuary)
  A worker ant zombie (D:5)
  9 adders
  7 gnolls
  4 river rats (Sewer)
  3 shadow imps (D:5)
  3 oozes
  6 worms
  A giant gecko (D:3)
  32 orcs
  7 bats
  11 giant cockroaches
  7 hobgoblins
  2 jackals (D:6)
  7 ball pythons
  A giant gecko skeleton (D:8)
  A giant gecko zombie (D:6)
  6 giant newts
  A gnoll zombie (Ossuary)
  5 goblins
  A goblin skeleton (D:6)
  2 goblin zombies (D:6)
  4 hobgoblin zombies
  23 kobolds
  2 kobold skeletons (D:6)
  2 kobold zombies
  6 orc zombies
  2 quokkas
  A quokka skeleton (D:6)
  25 rats
247 creatures vanquished.

Vanquished Creatures (collateral kills)
  An adder (D:6)
1 creature vanquished.

Grand Total: 248 creatures vanquished

Notes
Turn   | Place    | Note
--------------------------------------------------------------
     0 | D:1      | xeno23 the Tengu Air Elementalist began the quest for the Orb.
     0 | D:1      | Reached XP level 1. HP: 10/10 MP: 4/4
    77 | D:1      | Reached XP level 2. HP: 10/15 MP: 0/6
   930 | D:2      | Reached XP level 3. HP: 19/19 MP: 2/7
  1365 | D:2      | Reached XP level 4. HP: 22/24 MP: 3/8
  1491 | D:2      | Learned a level 2 spell: Swiftness
  1494 | D:2      | Learned a level 2 spell: Repel Missiles
  1498 | D:2      | Learned a level 3 spell: Static Discharge
  1918 | D:3      | Found a snail-covered altar of Cheibriados.
  2238 | D:3      | Found a shimmering altar of Xom.
  2485 | D:3      | Gained mutation: You can fly. [Tengu growth]
  2485 | D:3      | Reached XP level 5. HP: 28/28 MP: 6/10
  2622 | D:4      | Reached skill level 1 in Unarmed Combat
  2622 | D:4      | Reached skill level 5 in Air Magic
  2629 | D:4      | Noticed Britaniac's ghost (weakling DEFE)
  2720 | D:4      | Killed Britaniac's ghost
  2884 | D:4      | Reached XP level 6. HP: 33/33 MP: 4/12
  2945 | D:4      | Noticed a phantom
  2988 | D:4      | Killed a phantom
  2992 | D:4      | Noticed Sigmund
  3011 | D:4      | Killed Sigmund
  3011 | D:4      | Reached skill level 5 in Conjurations
  3011 | D:4      | Reached skill level 6 in Air Magic
  3011 | D:4      | Reached XP level 7. HP: 26/37 MP: 2/14
  3192 | D:4      | Noticed an ogre
  3197 | D:4      | Killed an ogre
  3425 | D:4      | Found Dimentat's Magic Scroll Shoppe.
  3428 | D:4      | Bought a scroll of identify for 28 gold pieces
  3428 | D:4      | Bought a scroll of teleportation for 42 gold pieces
  3428 | D:4      | Bought a scroll of fear for 49 gold pieces
  3438 | D:4      | Bought a scroll of remove curse for 42 gold pieces
  3548 | D:4      | Found a staircase to the Ecumenical Temple.
  3571 | Temple   | Entered the Ecumenical Temple
  3815 | D:4      | Found an iron altar of Okawaru.
  3904 | D:5      | Entered Level 5 of the Dungeon
  4057 | D:5      | Reached skill level 7 in Air Magic
  4265 | D:5      | Found an ancient bone altar of Kikubaaqudgha.
  4334 | D:5      | Reached skill level 5 in Spellcasting
  4334 | D:5      | Reached XP level 8. HP: 35/42 MP: 8/16
  4613 | D:6      | Found a glowing drain.
  4642 | Sewer    | Entered a sewer
  4950 | Sewer    | Reached skill level 8 in Air Magic
  5374 | D:6      | Got a steaming robe
  5385 | D:6      | Identified the +1 robe "Seabbe" {+Fly rF- rC+ rCorr Stlth+} (You found it on level 6 of the Dungeon)
  5597 | D:6      | Found a radiant altar of Vehumet.
  5601 | D:6      | Became a worshipper of Vehumet
  5669 | D:6      | Found a glowing golden altar of the Shining One.
  6198 | D:7      | Reached skill level 9 in Air Magic
  6198 | D:7      | Reached XP level 9. HP: 46/46 MP: 11/19
  6220 | D:7      | Reached * piety under Vehumet
  6220 | D:7      | Offered knowledge of Freeze by Vehumet.
  6234 | D:7      | Learned a level 5 spell: Lightning Bolt
  6286 | D:7      | Found Waituxerith's Book Shoppe.
  6321 | D:7      | Found a sand-covered staircase.
  6365 | Ossuary  | Entered an ossuary
  6658 | Ossuary  | Learned a level 3 spell: Regeneration
  7100 | D:7      | Offered knowledge of Flame Tongue by Vehumet.
  7244 | D:7      | Reached ** piety under Vehumet
  7463 | D:7      | Reached skill level 10 in Air Magic
  7577 | D:7      | Found a sacrificial altar of Ru.
  7666 | D:8      | Noticed a hill giant
  7740 | D:8      | Reached skill level 1 in Fighting
  7741 | D:8      | Killed a hill giant
  7741 | D:8      | Reached skill level 10 in Conjurations
  7741 | D:8      | Reached skill level 1 in Necromancy
  7741 | D:8      | Reached XP level 10. HP: 50/53 MP: 0/22
  7937 | D:8      | HP: 2/54 [gnoll/halberd (12)]
  8425 | D:9      | Noticed a red ugly thing
  8431 | D:9      | Slain by a hippogriff

Action                   |  1- 3 |  4- 6 |  7- 9 | 10-12 || total
-------------------------+-------+-------+-------+-------++-------
Melee: Unarmed           |    34 |    21 |       |       ||    55
       Dagger            |       |     4 |    98 |    11 ||   113
 Cast: Shock             |    58 |   104 |   330 |    24 ||   516
       Repel Missiles    |       |     1 |     1 |     2 ||     4
       Static Discharge  |       |       |    11 |     6 ||    17
       Lightning Bolt    |       |       |     5 |     3 ||     8
       Regeneration      |       |       |     1 |     6 ||     7
 Abil: Fly               |       |     1 |     7 |     3 ||    11
  Use: Scroll            |       |       |    20 |     2 ||    22
       Potion            |       |       |       |     1 ||     1
 Stab: Distracted        |       |       |     1 |       ||     1
  Eat: Chunk             |     2 |     6 |    15 |       ||    23
       Pizza             |       |       |     1 |     1 ||     2
       Royal jelly       |       |       |       |     1 ||     1
